 Dungeon Crawl Stone Soup version 0.24-a0-205-g1d96822 (webtiles) character file.

Game seed: 12442446082131762932

67 Borgoz the Cutter (level 4, -4/27 HPs)
             Began as a Kobold Gladiator on Mar 28, 2019.
             Slain by Sigmund
             ... wielding a +0 scythe
              (5 damage)
             ... on level 2 of the Dungeon.
             The game lasted 00:01:57 (1229 turns).

Borgoz the Cutter (Kobold Gladiator)                Turns: 1229, Time: 00:01:57

Health: -4/27      AC:  4    Str: 12    XL:     4   Next: 38%
Magic:  4/4        EV: 16    Int: 14    God:
Gold:   98         SH:  0    Dex: 16    Spells: 3/3 levels left

rFire    . . .     SeeInvis .   a - +0 rapier
rCold    . . .     Gourm    .   (shield restricted)
rNeg     . . .     Faith    .   b - +0 leather armour
rPois    .         Spirit   .   c - +0 helmet
rElec    .         Reflect  .   (no cloak)
rCorr    .         Harm     .   (no gloves)
MR       .....                  (no boots)
Stlth    ++........             (no amulet)
HPRegen  0.09/turn              (no ring)
MPRegen  0.09/turn              (no ring)

@: brilliant
A: small, carnivore
a: no special abilities


You were on level 2 of the Dungeon.
You were completely stuffed.

You visited 1 branch of the dungeon, and saw 2 of its levels.

You collected 98 gold pieces.

Inventory:

Hand Weapons
 a - a +0 rapier (weapon)
Missiles
 d - 2 throwing nets (quivered)
Armour
 b - a +0 leather armour (worn)
 c - a +0 helmet (worn)
Jewellery
 n - an uncursed amulet of magic regeneration {unknown}
Scrolls
 g - 2 scrolls of remove curse {unknown}
 i - 3 scrolls of random uselessness {unknown}
 j - a scroll of amnesia {unknown}
 k - a scroll of enchant weapon {unknown}
 o - 2 scrolls of identify {unknown}
Potions
 e - 2 potions of brilliance
 h - a potion of ambrosia {unknown}
 l - 2 potions of resistance {unknown}
 m - 2 potions of heal wounds {unknown}
 p - a potion of flight {unknown}
Comestibles
 f - 4 rations
 q - 7 chunks of flesh


   Skills:
 + Level 2.8 Fighting
 + Level 4.6 Short Blades
 + Level 2.7 Throwing
 + Level 1.0 Armour
 + Level 4.1 Dodging
 + Level 1.7 Stealth


You had 3 spell levels left.
You didn't know any spells.
Your spell library was empty.

Dungeon Overview and Level Annotations

Branches:
Dungeon (2/15)

Altars:

Annotations:
D:2 Sigmund


Innate Abilities, Weirdness & Mutations

You are small and have problems with some larger weapons.
You are carnivorous and can eat meat at any time.


Message History

Deactivating autopickup; reactivate with Ctrl-A.
Something wriggles in the net.
All of a sudden the net rips apart!
No target in view!
No target in view!
No target in view!
No target in view!
No target in view!
You hit something but do no damage. You barely miss something.
Something hits you!
You closely miss something.
You hear some strange, mumbled words.
A puff of flame appears from out of thin air!
The puff of flame hits you!
You barely miss something. Something hits you!
* * * LOW HITPOINT WARNING * * *
You miss something.
It was a potion of brilliance.
You feel clever all of a sudden. Something hits you.
You die...

.# #.# #.# #<# #.#
##.#### #.#
##...#<########.#
#####...............#
.........#.##########
...##..##.####
#.##>........
#....@...###.
####.{#### #..# #..#
.... #.... #.#..
......


There were no monsters in sight!

Vanquished Creatures
  2 adders (D:2)
  4 leopard geckos (D:1)
  9 goblins
  4 hobgoblins (D:1)
  3 jackals (D:2)
  7 kobolds
  A ball python (D:1)
  5 bats
  A frilled lizard (D:1)
  6 rats
42 creatures vanquished.

Notes
Turn   | Place    | Note
-------+----------+-------------------------------------------
     0 | D:1      | Borgoz the Kobold Gladiator began the quest for the Orb.
     0 | D:1      | Reached XP level 1. HP: 12/12 MP: 1/1
   211 | D:1      | Reached XP level 2. HP: 15/17 MP: 2/2
   349 | D:1      | Reached skill level 1 in Stealth
   459 | D:1      | Reached XP level 3. HP: 19/22 MP: 3/3
  1041 | D:2      | Reached XP level 4. HP: 27/27 MP: 4/4
  1110 | D:2      | Reached skill level 1 in Armour
  1210 | D:2      | Noticed Sigmund
  1227 | D:2      | HP: 1/27 [something (9)]
  1229 | D:2      | Slain by Sigmund

Levels and vault maps discovered:
D:1:      lightli_arrival_farm, layout_loops_ring, kennysheep_doodads
D:2:      layout_loops_corners, uniq_sigmund

Skill      XL: |  1  2  3  4 |
---------------+-------------+-----
Stealth        | 1 |  1.7
Dodging        | 4 |  4.1
Armour         | 1 |  1.0
Fighting       | |  2.8
Short Blades   | |  4.6
Throwing       | |  2.7

Action                   |  1- 3 |  4- 6 || total
-------------------------+-------+-------++-------
Melee: Rapier            |    93 |    53 ||   146
Throw: Throwing net      |       |     1 ||     1
  Use: Potion            |       |     1 ||     1
 Stab: Sleeping          |     1 |       ||     1
  Eat: Chunk             |     9 |     1 ||    10
Armor: Leather armour    |    28 |     8 ||    36
Dodge: Dodged            |    88 |    38 ||   126

Table legend:
 A = Non-vault XP
 B = Vault XP
 C = Vault XP percentage of total XP
 D = Non-vault monster count
 E = Vault monster count
 F = Vault count percentage of total count
                 A         B        C        D         E       F
            +---------+---------+-------+---------+---------+-------
      Total |      96 |       0 |   0.0 |      42 |       0 |   0.0
            +---------+---------+-------+---------+---------+-------
        D:1 |      43 |       0 |   0.0 |      24 |       0 |   0.0
        D:2 |      53 |       0 |   0.0 |      18 |       0 |   0.0
            +---------+---------+-------+---------+---------+-------
